 Dungeon Crawl Stone Soup version 0.31.0-11-ge490571c62 (webtiles) character file.

Game seed: 457703693411408274

42 Gadfly the Ruffian (level 3, 26/26 HPs)
             Began as a Demonspawn Shapeshifter on Jan 27, 2024.
             Quit the game on level 1 of the Dungeon.
             The game lasted 00:00:54 (662 turns).

Gadfly the Ruffian (Demonspawn Shapeshifter)         Turns: 662, Time: 00:00:54

Health: 26/26      AC:  2    Str: 16    XL:     3   Next: 35%
Magic:  3/3        EV: 12    Int: 10    God:
Gold:   13         SH:  0    Dex: 12    Spells: 2/2 levels left

rFire   . .          .
                       - Unarmed
rCold   . . .        (no shield)
rNeg    . . .        a - +0 animal skin
rPois   .            (helmet currently unavailable)
rElec   .            (cloak currently unavailable)
rCorr   .            (gloves currently unavailable)
SInv    .            (boots currently unavailable)
Will    .....        (no amulet)
Stlth   +            (no ring)
HPRegen 0.24/turn    (no ring)
MPRegen 0.08/turn

%: no passive effects
@: beast-form
A: beast (slay +1), spiny 1, sturdy frame 1
a: Begin Untransformation


You were on level 1 of the Dungeon.
You were a hulking beast.
You visited 1 branch of the dungeon, and saw 1 of its levels.

You collected 13 gold pieces.

Inventory:

Armour
 a - a +0 animal skin (worn)
Talismans
 c - a beast talisman
 d - a flux talisman
Scrolls
 f - a scroll of fear {unknown}
 g - a scroll of blinking {unknown}
 h - a scroll of fog {unknown}
 i - a scroll of identify
Potions
 b - a potion of lignification
 e - a potion of mutation


   Skills:
 + Level 1.5 Fighting
 * Level 2.3 Dodging
 + Level 3.0 Unarmed Combat
 * Level 1.4 Evocations
 + Level 2.8 Shapeshifting


You had 2 spell levels left.
You didn't know any spells.
Your spell library was empty.

Dungeon Overview and Level Annotations

Branches:
Dungeon (1/15)

Altars:


Innate Abilities, Weirdness & Mutations

You are a hulking beast.
Your limbs bulge with bestial killing power. (Slay +1)
You are partially covered in sharp spines.
Your movements are slightly less encumbered by armour. (ER -2)


Message History

Found a stone staircase leading down.
There is a stone staircase leading down here.
You open the door.
There is an open door here.
There is an open door here.
An endoplasm comes into view.
The endoplasm quivers.
An endoplasm is nearby!
An endoplasm is nearby!
An endoplasm is nearby!
You hit the endoplasm.
You kill the endoplasm!
No target in view!
No target in view!
You open the door.
There is an open door here.
There is an open door here.
h - a scroll labelled YKHEN EMEXAJORCH
i - a scroll of identify No target in view!
You see here 2 potions of invisibility.
A rat comes into view.
A rat is nearby!
A rat is nearby!
The rat squeaks loudly.
The rat is struck by your spines.
You kill the rat!
No target in view!
No target in view!
No target in view!
No target in view!
No target in view!
No target in view!
No target in view!
No target in view!
No target in view!
No target in view!
No target in view!
No target in view!
Are you sure you want to abandon this character and quit the game? (Confirm with "yes".)

.# #.# #.# .#
#.# #.# .#
#.# #.# .# #
#.#
.####.###.###
###
............#
..#
...##.###.#.#
#.#
..........#.#
#.#
##.##.#####.#
#h# ##.†..#
#.####.##
...>.##
#.......#
######
######### ###
..# #.# #.#
#.#


There were no monsters in sight!

Vanquished Creatures
  A gnoll (D:1)
  3 endoplasms (D:1)
  2 giant cockroaches (D:1)
  2 goblins (D:1)
  A hobgoblin (D:1)
  8 jackals (D:1)
  A kobold (D:1)
  2 ball pythons (D:1)
  4 bats (D:1)
  2 frilled lizards (D:1)
  4 rats (D:1)
30 creatures vanquished.

Notes
Turn   | Place    | Note
-------+----------+-------------------------------------------
     0 | D:1      | Gadfly the Demonspawn Shapeshifter began the quest for the
                  | Orb.
     0 | D:1      | Reached XP level 1. HP: 15/15 MP: 1/1
   146 | D:1      | Gained mutation: You are partially covered in sharp spines.
                  | [demonic ancestry]
   146 | D:1      | Reached XP level 2. HP: 21/21 MP: 2/2
   236 | D:1      | Reached skill level 1 in Evocations
   448 | D:1      | Gained mutation: Your movements are slightly less
                  | encumbered by armour. (ER -2) [demonic ancestry]
   448 | D:1      | Reached XP level 3. HP: 25/26 MP: 3/3
   481 | D:1      | Reached skill level 3 in Unarmed Combat
   662 | D:1      | Quit the game

Illustrated notes

Levels and vault maps discovered:
D:1:      minmay_arrival_loop, layout_basic, minmay_tripent

Skill      XL: |  1  2  3 |
---------------+----------+-----
Dodging        | 2 |  2.3
Evocations     | 1 |  1.4
Unarmed Combat | 3 |  3.0
Fighting       | |  1.5
Shapeshifting  | |  2.8

Action                     || total
---------------------------++-------
  Melee: Unarmed           ||    66
         Punch             ||     1
    Use: Scroll            ||     1
         Potion            ||     1
   Stab: Sleeping          ||     3
 Armour: Animal skin       ||    32
  Dodge: Dodged            ||    28
